 Dungeon Crawl Stone Soup version 0.27.1-34-g3ba077fa99 (webtiles) character file.

Game seed: 1353457056932843736

61 zeram the Covered (level 4, 0/39 HPs)
             Began as a Hill Orc Fighter on Jan 2, 2022.
             Slain by a gnoll shaman (6 damage)
             ... on level 3 of the Dungeon.
             The game lasted 00:02:03 (1584 turns).

zeram the Covered (Hill Orc Fighter)                Turns: 1584, Time: 00:02:03

Health: 0/39       AC:  7    Str: 19    XL:     4   Next: 7%
Magic:  4/4        EV:  7    Int:  8    God:
Gold:   5          SH:  9    Dex: 10    Spells: 3/3 levels left

rFire    + . .     SeeInvis .   a - +2 war axe
rCold    . . .     Faith    .   c - +0 kite shield
rNeg     . . .     Spirit   .   b - +0 scale mail
rPois    .         Reflect  .   (no helmet)
rElec    .         Harm     .   (no cloak)
rCorr    .         Rampage  .   (no gloves)
Will     .....                  (no boots)
Stlth    ..........             (no amulet)
HPRegen  0.13/turn              e - ring of protection from fire
MPRegen  0.09/turn              (no ring)

@: no status effects
A: no striking features
a: no special abilities


You were on level 3 of the Dungeon.
You visited 1 branch of the dungeon, and saw 4 of its levels.

You collected 5 gold pieces.

Inventory:

Hand Weapons
 a - a +2 war axe (weapon)
Armour
 b - a +0 scale mail (worn)
 c - a +0 kite shield (worn)
Jewellery
 e - a ring of protection from fire (left hand)
Wands
 h - a wand of acid (12)
Scrolls
 f - a scroll of blinking {unknown}
 g - a scroll of magic mapping
 i - 2 scrolls of identify
 j - a scroll of teleportation {unknown}
Potions
 d - a potion of might


   Skills:
 - Level 3.6 Fighting
 - Level 2.6 Axes
 + Level 4.3 Armour
 + Level 0.6 Dodging
 + Level 4.2 Shields


You had 3 spell levels left.
You didn't know any spells.
Your spell library was empty.

Dungeon Overview and Level Annotations

Branches:
Dungeon (4/15)             Temple (0/1) D:4

Altars:


Message History

You climb downwards.
You block the gnoll's attack.
There is a stone staircase leading up here.
You block the gnoll shaman's attack. You block the gnoll's attack.
You climb upwards.
There is a stone staircase leading down here.
You slash the gnoll shaman!
The gnoll shaman is heavily wounded.
You hit the gnoll. You block the gnoll shaman's attack.
The gnoll hits you but does no damage.
The gnoll shaman hits you with a +0 club.
The gnoll hits you with a +0 flail.
You closely miss the gnoll shaman.
The gnoll shaman is heavily wounded.
You hit the gnoll. The gnoll shaman completely misses you.
The gnoll hits you with a +0 flail.
The gnoll shaman hits you with a +0 club.
You are too injured to fight recklessly!
You are too injured to fight recklessly!
You are too injured to fight recklessly!
You barely miss the gnoll.
The gnoll is almost dead.
You closely miss the gnoll shaman. The gnoll hits you with a +0 flail.
The gnoll shaman hits you with a +0 club.
The gnoll barely misses you.
You slash the gnoll!
You kill the gnoll!
You closely miss the gnoll shaman. The gnoll shaman completely misses you.
The gnoll shaman hits you with a +0 club.
* * * LOW HITPOINT WARNING * * *
You have reached level 4!
You completely miss the gnoll shaman.
The gnoll shaman is heavily wounded.
The gnoll shaman hits you with a +0 club.
* * * LOW HITPOINT WARNING * * *
Unknown command.
You hit the gnoll shaman.
The gnoll shaman is heavily wounded.
The gnoll shaman hits you but does no damage.
The gnoll shaman hits you with a +0 club.
You die...

######
#....#
#....#
#....#
#....#
####....#
###...g...#
#.....@)..#
.....##....#
..# #....#
######


You could see a gnoll shaman.

Vanquished Creatures
  A gnoll (D:3)
  An adder (D:2)
  A worm (D:2)
  An orc (D:4)
  A bat (D:1)
  4 endoplasms
  4 goblins
  5 hobgoblins
  4 quokkas
  3 ball pythons (D:1)
  A frilled lizard (D:2)
  6 kobolds
  3 rats
35 creatures vanquished.

Notes
Turn   | Place    | Note
-------+----------+-------------------------------------------
     0 | D:1      | zeram the Hill Orc Fighter began the quest for the Orb.
     0 | D:1      | Reached XP level 1. HP: 19/19 MP: 1/1
   164 | D:1      | Reached XP level 2. HP: 26/26 MP: 2/2
   600 | D:1      | Found a faded altar of an unknown god.
   755 | D:2      | Reached XP level 3. HP: 30/31 MP: 3/3
  1338 | D:2      | You fall into a shaft and drop 2 floors!
  1349 | D:4      | Found a staircase to the Ecumenical Temple.
  1583 | D:3      | Reached XP level 4. HP: 11/39 MP: 4/4
  1584 | D:3      | Slain by a gnoll shaman

Illustrated notes

Levels and vault maps discovered:
D:1:      ebering_trefoil_3fold, layout_rooms,
          hellmonk_ecumenical_altar_heavens_door, due_unseen_surprise
D:2:      layout_rooms, minmay_fountain_box
D:3:      layout_rooms
D:4:      minmay_goblin_kobold_castle, layout_gridville,
          minmay_temple_entry_large_hall

Skill      XL: |  1  2  3 |
---------------+----------+-----
Shields        | 4 |  4.2
Armour         | 4 |  4.3
Fighting       | |  3.6
Axes           | |  2.6
Dodging        | |  0.6

Action                   |  1- 3 |  4- 6 || total
-------------------------+-------+-------++-------
Melee: War axe           |   104 |     2 ||   106
  Use: Scroll            |     4 |       ||     4
       Potion            |     1 |       ||     1
Armor: Scale mail        |    33 |     1 ||    34
Dodge: Dodged            |    37 |       ||    37
Block: Kite shield       |    55 |       ||    55
